 Dungeon Sprint DCSS version 0.18-a0-124-g4fdfa27 (webtiles) character file.

3518 Kidiri the Covert (level 9, -5/46 (47) HPs)
             Began as a Spriggan Enchanter on Nov 20, 2015.
             Was an Initiate of Dithmenos.
             Killed from afar by a death drake (6 damage)
             ... with a foul vapour
             ... in the Dungeon (Sprint II: "The Violet Keep of Menkaure").
             The game lasted 00:08:27 (1224 turns).

Kidiri the Covert (Spriggan Enchanter)              Turns: 1224, Time: 00:08:27

HP:   -5/46 (47)    AC:  5    Str:  4    XL:     9   Next: 81%
MP:   24/25         EV: 34    Int: 18    God:    Dithmenos [......]
Gold: 308           SH:  0    Dex: 26    Spells: 5 memorised, 18 levels left

rFire  . . .     SeeInvis +     a - +1 dagger
rCold  . . .     Clarity  .     b - +1 robe
rNeg   + . .     SustAt   .     (shield restricted)
rPois  .         Gourm    .     q - +2 hat
rElec  .         Spirit   .     (no cloak)
rCorr  .         Warding  .     (gloves unavailable)
rMut   .         NoTele   +     (boots unavailable)
MR     ++...                    (no amulet)
Stlth  +++++++...               l - ring of Toomopuc {Wiz MR+ Dex+5}
                                k - ring of the Townfolk {rN+ Dex+3}

@: lethally poisoned (-5 -> -41), non-regenerating, diseased, slowed, quick,
very resistant to hostile enchantments, extremely stealthy
A: unfitting armour, see invisible, herbivore 3, speed 3, slow metabolism 2
a: Renounce Religion


You were in the Dungeon.
You worshipped Dithmenos.
Dithmenos was noncommittal.
You were not hungry.

You visited 1 branch You collected 1187 gold pieces.
You spent 879 gold pieces at shops.

Inventory:

Hand Weapons
 a - a +1 dagger (weapon)
Armour
 b - a +1 robe (worn)
 q - a +2 hat (worn)
Jewellery
 k - the ring of the Townfolk (left hand) {rN+ Dex+3}
   (You bought it in a shop in the Dungeon)

   [ring of dexterity]

   It affects your dexterity (+3).
   It protects you from negative energy.
 l - the ring of Toomopuc (right hand) {Wiz MR+ Dex+5}
   (You bought it in a shop in the Dungeon)

   [ring of wizardry]

   It improves your spell success rate.
   It affects your dexterity (+5).
   It affects your resistance to hostile enchantments.
Scrolls
 g - a scroll of remove curse {unknown}
 j - a scroll of blinking
 m - 6 scrolls of identify {unknown}
 o - 2 scrolls of immolation {unknown}
 u - a scroll of magic mapping {unknown}
Potions
 e - 3 potions of curing
 h - 4 potions of magic
 i - a potion of berserk rage
 n - 2 potions of heal wounds
 p - 2 potions of degeneration {unknown}
 r - 3 potions of resistance {unknown}
 s - 4 potions of flight {unknown}
 t - 2 potions of haste
Books
 c - a book of Maledictions

   Spells                             Type                      Level
   a - Corona                         Hexes                        1
   b - Ensorcelled Hibernation        Hexes/Ice                    2
   c - Confuse                        Hexes                        3
   d - Tukima's Dance                 Hexes                        3
   e - Dazzling Spray                 Conjuration/Hexes            3
Comestibles
 d - 2 bread rations
 f - a royal jelly


   Skills:
 + Level 5.1 Fighting
 * Level 9.9 Short Blades
 + Level 4.7 Armour
 * Level 12.8 Dodging
 * Level 14.2 Stealth
 * Level 11.2 Spellcasting
 + Level 4.2 Conjurations
 + Level 8.5 Hexes
 + Level 4.8 Ice Magic
 + Level 2.7 Invocations


You had 18 spell levels left.
You knew the following spells:

 Your Spells              Type           Power        Failure   Level  Hunger
a - Corona                Hex            #####..      1%          1    None
b - Ensorcelled Hibernat  Hex/Ice        ####..       1%          2    None
c - Confuse               Hex            #####...     1%          3    None
d - Tukima's Dance        Hex            #####...     1%          3    None
e - Dazzling Spray        Conj/Hex       ####....     1%          3    None


Dungeon Overview and Level Annotations

Branches:
Dungeon (1/1)

Altars:
Cheibriados
Dithmenos
Elyvilon
Fedhas
Gozag
Kikubaaqudgha
Makhleb
Nemelex Xobeh
Okawaru
Qazlal
Ru
Sif Muna
Trog
Vehumet
Xom
Yredelemnul
Zin
The Shining One
Beogh
Jiyva
Lugonu

Shops:
D !:?![[!%}![%=(=:

Annotations:
D exclusion: oklob plant


Innate Abilities, Weirdness & Mutations

You are tiny and cannot use many weapons and most armour.
You have supernaturally acute eyesight.
You are a herbivore.
You cover ground extremely quickly.
You need consume almost no food.


Message History

Unknown command.
You hit the death drake but do no damage.
The death drake is almost dead.
You are engulfed in dark miasma.
You are more poisoned.
* * * LOW HITPOINT WARNING * * *
x2 You feel very sick.
A death drake comes into view.
Drink which item? (? for menu, Esc to quit)
You feel better.
You are engulfed in dark miasma.
You are lethally poisoned!
You feel your flesh rotting away!
You feel ill.
* * * LOW HITPOINT WARNING * * *
x2 You feel sick.
The death drake bites you.
* * * LOW HITPOINT WARNING * * *
The death drake breathes miasma at you. The foul vapour engulfs you!
You are more poisoned.
You die...

;≈§§≈;§## ▓▓+▓▓▓▓.▓ ;≈;§§§§≈#
+.§.▓0..▓ §§§§§§≈ ...
#.§.▓▓▓▓▓▓▓▓▓▓ §;§§ ...
#.§.▓≈≈≈≈§§§§▓▓ ++#+++## ...
##§=▓▓▓▓▓▓▓▓▓▓▓ .......# ..
k#):▓.[...%([▓▓ ##+##..# #.
8#[)▓.()%.).)▓▓ ###.##.####
+.##k#:§▓)...%[..▓▓ ..##.# ...#
#..@####▓[..[...)▓▓ #...####..##
##.§##.#▓....[.()▓▓ ##'###.##..#
+..#..#▓......).▓▓ ##.##...#..#
#.^#%.#▓.[[(.)[[▓▓
'.<.'.#.'..####..##)#▓.).%.(..▓▓
##.##.).#....###...##▓▓▓▓▓▓▓+▓▓▓▓
##'###.##......≈≈≈≈≈≈≈≈≈≈≈≈§...§§
#.#.####≈≈§....≈#+########+###.§§
.%#%.#≈≈≈≈≈≈≈..≈#........#{§§##§§


You could see a death drake, a crystal guardian (wandering) and a swamp drake.

Vanquished Creatures
  A kraken (D)
  A siren (D)
  A yaktaur (D)
  3 polar bears (D)
  Menkaure (D)
  A wasp (D)
  A swamp drake (D)
  4 brain worms (D)
  A hell rat (D)
  4 worker ants (D)
  3 worms (D)
21 creatures vanquished.

Vanquished Creatures (others)
  A crocodile (D)
  4 tentacles (D)
  83 tentacle segments (D)
88 creatures vanquished.

Grand Total: 109 creatures vanquished

Notes
Turn   | Place    | Note
--------------------------------------------------------------
     0 | D        | Kidiri the Spriggan Enchanter began the quest for the Orb.
     0 | D        | Reached XP level 1. HP: 9/9 MP: 5/5
     1 | D        | Noticed a brain worm
     1 | D        | Noticed a brain worm
     1 | D        | Noticed a brain worm
     1 | D        | Noticed a brain worm
     9 | D        | Killed a brain worm
     9 | D        | Reached skill level 1 in Fighting
     9 | D        | Reached skill level 1 in Armour
     9 | D        | Reached skill level 5 in Dodging
     9 | D        | Reached skill level 6 in Stealth
     9 | D        | Reached XP level 2. HP: 6/15 MP: 4/8
     9 | D        | Reached XP level 3. HP: 7/18 MP: 5/10
     9 | D        | Reached XP level 4. HP: 8/23 MP: 5/11
    16 | D        | Learned a level 3 spell: Confuse
    20 | D        | Learned a level 3 spell: Tukima's Dance
    23 | D        | Learned a level 2 spell: Ensorcelled Hibernation
    27 | D        | Learned a level 3 spell: Dazzling Spray
    32 | D        | Killed a crocodile
   224 | D        | Killed a brain worm
   224 | D        | Reached skill level 7 in Stealth
   224 | D        | Reached skill level 5 in Spellcasting
   224 | D        | Reached skill level 5 in Hexes
   224 | D        | Reached skill level 1 in Ice Magic
   224 | D        | Reached XP level 5. HP: 26/26 MP: 12/14
   230 | D        | Reached skill level 5 in Short Blades
   230 | D        | Reached skill level 8 in Stealth
   230 | D        | Reached skill level 1 in Conjurations
   243 | D        | Reached skill level 9 in Stealth
   243 | D        | Reached XP level 6. HP: 32/32 MP: 2/16
   342 | D        | Noticed a siren
   392 | D        | Found Xungar's Book Emporium.
   392 | D        | Found Zivarch's Jewellery Shoppe.
   392 | D        | Found Kujag's Jewellery Shoppe.
   392 | D        | Found Feel's Food Emporium.
   393 | D        | Found Pewiu's Antique Weapon Emporium.
   393 | D        | Found Maeschiw's Distillery.
   393 | D        | Found Qiotemp's Gadget Emporium.
   393 | D        | Found Muive's Food Shoppe.
   410 | D        | Killed a siren
   410 | D        | Reached skill level 10 in Stealth
   410 | D        | Reached XP level 7. HP: 36/36 MP: 17/19
   431 | D        | Noticed Menkaure
   433 | D        | Killed Menkaure
   433 | D        | Reached skill level 10 in Dodging
   433 | D        | Reached skill level 11 in Stealth
   450 | D        | Noticed an ice statue
   465 | D        | Found Wagyfacu's Antique Armour Emporium.
   467 | D        | Found Fedar's Distillery.
   467 | D        | Found Kauchefi's Antique Armour Shoppe.
   468 | D        | Found Datadgh's Antique Armour Shoppe.
   471 | D        | Found Unlaix's Distillery.
   471 | D        | Found Amocez's Magic Scroll Emporium.
   471 | D        | Noticed a slime creature
   471 | D        | Noticed a slime creature
   471 | D        | Noticed a slime creature
   471 | D        | Noticed an oklob plant
   472 | D        | Found Harch's Distillery.
   472 | D        | Found Leh Ela's Book Shoppe.
   476 | D        | Noticed an ice dragon
   506 | D        | Bought the ring of the Townfolk {rN+ Dex+3} for 295 gold pieces
   506 | D        | Bought the ring of Toomopuc {Wiz MR+ Dex+5} for 584 gold pieces
   535 | D        | Found a glowing silver altar of Zin.
   536 | D        | Found a sparkling altar of Nemelex Xobeh.
   536 | D        | Found a shadowy altar of Dithmenos.
   536 | D        | Found a radiant altar of Vehumet.
   537 | D        | Found a corrupted altar of Lugonu.
   537 | D        | Found an iron altar of Okawaru.
   538 | D        | Found a burning altar of Makhleb.
   538 | D        | Found a stormy altar of Qazlal.
   538 | D        | Found a bloodstained altar of Trog.
   539 | D        | Found a basalt altar of Yredelemnul.
   540 | D        | Found an ancient bone altar of Kikubaaqudgha.
   540 | D        | Found a deep blue altar of Sif Muna.
   540 | D        | Found a viscous altar of Jiyva.
   541 | D        | Found a white marble altar of Elyvilon.
   541 | D        | Found a shimmering altar of Xom.
   542 | D        | Found an opulent altar of Gozag.
   544 | D        | Noticed a yaktaur
   544 | D        | Noticed a polar bear
   545 | D        | Noticed a polar bear
   545 | D        | Noticed a polar bear
   562 | D        | Killed a polar bear
   562 | D        | Reached XP level 8. HP: 34/42 MP: 9/22
   573 | D        | Killed a polar bear
   573 | D        | Reached skill level 12 in Stealth
   581 | D        | Killed a yaktaur
   583 | D        | Killed a polar bear
   583 | D        | Reached skill level 10 in Spellcasting
   594 | D        | Found a blossoming altar of Fedhas.
   596 | D        | Found a snail-covered altar of Cheibriados.
   597 | D        | Found a sacrificial altar of Ru.
   597 | D        | Found a roughly hewn altar of Beogh.
   597 | D        | Found a glowing golden altar of the Shining One.
   602 | D        | Became a worshipper of Dithmenos the Shadowed
   745 | D        | Noticed a kraken
  1029 | D        | Killed a kraken
  1029 | D        | Reached skill level 5 in Fighting
  1029 | D        | Reached skill level 14 in Stealth
  1029 | D        | Reached XP level 9. HP: 19/47 MP: 14/25
  1213 | D        | Noticed a death drake
  1224 | D        | Noticed a death drake
  1224 | D        | HP: 1/46 [death drake (5)]
  1224 | D        | Killed from afar by a death drake

Vault maps used:
D:        the_violet_keep_of_menkaure

Action                   |  1- 3 |  4- 6 |  7- 9 || total
-------------------------+-------+-------+-------++-------
Melee: Dagger            |     6 |    20 |    29 ||    55
Throw: Throwing net      |       |       |     1 ||     1
 Cast: Corona            |     1 |       |       ||     1
       Ensorcelled Hiber |       |     8 |     8 ||    16
       Dazzling Spray    |       |       |    11 ||    11
  Use: Potion            |       |       |     5 ||     5
 Stab: Sleeping          |     1 |    10 |     6 ||    17
       Invisible         |       |       |     7 ||     7
       Held in net/web   |       |       |     1 ||     1
